 Dungeon Crawl Stone Soup version 0.20.1-1-g8b1a95d (webtiles) character file.

183 rajaping the Ruffian (level 5, -3/53 HPs)
             Began as a Troll Monk on Nov 28, 2017.
             Slain by letownia2's ghost (6 damage)
             ... on level 4 of the Dungeon.
             The game lasted 00:09:01 (3023 turns).

rajaping the Ruffian (Troll Monk)                   Turns: 3023, Time: 00:09:02

Health: -3/53      AC:  5    Str: 20    XL:     5   Next: 35%
Magic:  4/4        EV: 11    Int:  6    God:
Gold:   154        SH:  0    Dex: 12    Spells: 4/4 levels left

rFire    . . .     SeeInvis .     - Unarmed
rCold    . . .     Gourm    +   (no shield)
rNeg     . . .     Faith    .   a - +0 robe
rPois    .         Spirit   .   (helmet restricted)
rElec    .         Reflect  .   (no cloak)
rCorr    .         Harm     .   (gloves unavailable)
MR       .....                  (boots unavailable)
Stlth    ++........             (no amulet)
Regen    0.6/turn               (no ring)
MPRegen  0.1/turn               (no ring)

@: lethally poisoned (-3 -> -14)
A: unfitting armour, claws 3, fast metabolism 3, gourmand, regeneration 1,
shaggy fur 1, tough skin 2
a: no special abilities


You were on level 4 of the Dungeon.
You were completely stuffed.

You visited 1 branch of the dungeon, and saw 4 of its levels.

You collected 154 gold pieces.

Inventory:

Hand Weapons
 p - a +0 mace
 w - a +0 longbow
 x - a +0 flail
 C - a +0 war axe
 E - a +0 dagger of venom
Missiles
 h - 124 stones
 i - 32 bolts
 B - 16 arrows
 G - 4 silver javelins (quivered)
Armour
 a - a +0 robe (worn)
 y - a +0 large shield
Jewellery
 q - an uncursed ring of fire
Wands
 g - a wand of confusion (6/48)
Scrolls
 c - 2 scrolls of fog {unknown}
 d - a scroll of fear {unknown}
 e - 3 scrolls of identify {unknown}
 f - 5 scrolls of amnesia {unknown}
 j - 2 scrolls of enchant armour {unknown}
 k - a scroll of teleportation {unknown}
 l - a scroll of immolation {unknown}
 n - 2 scrolls of noise {unknown}
 r - a scroll of recharging {unknown}
 v - a scroll of random uselessness {unknown}
 A - 4 scrolls of remove curse {unknown}
 D - a scroll of magic mapping {unknown}
Potions
 m - a potion of cancellation {unknown}
 s - 3 potions of curing {unknown}
 t - 2 potions of flight {unknown}
 z - 2 potions of magic {unknown}
Comestibles
 b - 5 bread rations
 o - a royal jelly
 u - a meat ration
 F - 3 chunks of flesh


   Skills:
 + Level 3.1 Fighting
 + Level 0.1 Axes
 + Level 3.2 Dodging
 + Level 1.8 Stealth
 * Level 4.2 Unarmed Combat


You had 4 spell levels left.
You didn't know any spells.

Dungeon Overview and Level Annotations

Branches:
Dungeon (4/15)
 Temple: D:4-7

Altars:

Annotations:
D:4 letownia2's ghost, amateur DDNe


Innate Abilities, Weirdness & Mutations

You are too large for most types of armour.
You have claws for hands.
Your metabolism is lightning-fast.
You like to eat raw meat.
Your natural rate of healing is unusually fast.
You are covered in fur. (AC +1)
You have very tough skin. (AC +2)


Message History

* * * LOW HITPOINT WARNING * * *
You feel very sick.
* * * LOW HITPOINT WARNING * * *
You feel very sick.
You claw the leopard gecko!
You kill the leopard gecko!
* * * LOW HITPOINT WARNING * * *
You feel sick.
* * * LOW HITPOINT WARNING * * *
You feel sick. Letownia2's ghost closely misses you.
You barely miss letownia2's ghost.
Letownia2's ghost is moderately damaged.
* * * LOW HITPOINT WARNING * * *
You feel sick. Letownia2's ghost hits you.
* * * LOW HITPOINT WARNING * * *
You scratch letownia2's ghost. Your claw misses letownia2's ghost.
Letownia2's ghost is heavily damaged.
* * * LOW HITPOINT WARNING * * *
You feel sick. Letownia2's ghost hits you.
You die...

##.. ##### ..$ ....# #####
#.! #.#.# #>... ####..
#^#.#####.... ...(.
######.#.......^..
#####..####.........####...<
.....................# #....
#####..####W####.#...# #####
#.. #@# #.#...##### .... #.#
#.........### .##### #.#
#.##......... # ##.## #.#
#.##..###.### #.##...###.#
#.##..# #.#
#.#..)..##.####.##..# #.#
#...................# #.#
#.#.....##.........## #.#
#.##...########.#### #.#


You could see letownia2's ghost.

Vanquished Creatures
  An orc wizard (D:3)
  An orc priest (D:3)
  2 adders
  A worm (D:2)
  5 dart slugs
  4 leopard geckos
  5 orcs (D:3)
  2 ball pythons
  10 giant cockroaches
  5 goblins
  7 hobgoblins
  6 jackals (D:1)
  A quokka (D:2)
  7 bats
  6 frilled lizards
  9 kobolds
  13 rats
85 creatures vanquished.

Notes
Turn   | Place    | Note
-------+----------+-------------------------------------------
     0 | D:1      | rajaping the Troll Monk began the quest for the Orb.
     0 | D:1      | Reached XP level 1. HP: 22/22 MP: 0/0
    55 | D:1      | Reached XP level 2. HP: 29/29 MP: 1/1
   361 | D:1      | Reached XP level 3. HP: 24/36 MP: 2/2
  1119 | D:2      | Reached XP level 4. HP: 30/44 MP: 3/3
  2323 | D:3      | Reached skill level 4 in Unarmed Combat
  2323 | D:3      | Reached XP level 5. HP: 50/53 MP: 4/4
  3006 | D:4      | Noticed letownia2's ghost (amateur DDNe)
  3023 | D:4      | Slain by letownia2's ghost

Skill      XL: |  1  2  3  4 |
---------------+-------------+-----
Dodging        | 3 |  3.2
Fighting       | 3 |  3.1
Unarmed Combat | 4 |  4.2
Axes           | |  0.1
Stealth        | |  1.8

Action                   |  1- 3 |  4- 6 || total
-------------------------+-------+-------++-------
Melee: Unarmed           |    97 |   124 ||   221
       Punch             |     3 |     1 ||     4
Throw: Javelin           |       |     1 ||     1
 Stab: Sleeping          |     2 |     3 ||     5
  Eat: Chunk             |    16 |    17 ||    33
Armor: Robe              |    34 |    33 ||    67
Dodge: Dodged            |    52 |    50 ||   102
